 Dungeon Crawl Stone Soup version 0.25-a0-277-g7046ed1b37 (webtiles) character file.

Game seed: 3463577345230320195, levelgen mode: deterministic

5 Gargoyl the Skirmisher (level 1, -8/17 HPs)
             Began as a Centaur Abyssal Knight on Dec 9, 2019.
             Was a Follower of Lugonu.
             Mangled by a hell hound (9 damage)
             ... on level 2 of the Abyss.
             The game lasted 00:00:55 (253 turns).

Gargoyl the Skirmisher (Centaur Abyssal Knight)      Turns: 253, Time: 00:00:56

Health: -8/17      AC:  4    Str: 14      XL:     1   Next: 66%
Magic:  0/2        EV:  9    Int: 10 (11) God:    Lugonu [*.....]
Gold:   0          SH:  0    Dex:  8      Spells: 0/0 levels left

rFire    . . .     SeeInvis .   a - +2 hand axe
rCold    . . .     Gourm    .   (no shield)
rNeg     . . .     Faith    .   b - +0 leather armour
rPois    .         Spirit   .   (no helmet)
rElec    .         Reflect  .   (no cloak)
rCorr    .         Harm     .   (no gloves)
MR       .....                  (no barding)
Stlth    ..........             (no amulet)
HPRegen  0.05/turn              (no ring)
MPRegen  0.08/turn              (no ring)

@: very quick
A: large, hooves 3, deformed body, speed 2, frail 1, tough skin 3
a: Depart the Abyss, Renounce Religion


You were on level 2 of the Abyss.
You worshipped Lugonu.
Lugonu was aware of your devotion.
You were not hungry.

You visited 0 branches of the dungeon, and saw 0 of its levels.
You visited the Abyss 1 time.

Inventory:

Hand Weapons
 a - a +2 hand axe (weapon)
Armour
 b - a +0 leather armour (worn)
Comestibles
 c - 2 rations


   Skills:
 + Level 3.2 Fighting
 + Level 1.8 Axes
 + Level 1.4 Armour
 + Level 0.6 Dodging
 + Level 2.0 Invocations


You couldn't memorise any spells.
You didn't know any spells.
Your spell library was empty.

Dungeon Overview and Level Annotations

Branches:
Dungeon (0/15)

Altars:


Innate Abilities, Weirdness & Mutations

You have hooves in place of feet.
Armour fits poorly on your strangely shaped body.
You cover ground very quickly.
You have extremely tough skin. (AC +3)
You are frail. (-10% HP)


Message History

The burst of metal fragments hits the hell hound but does no damage. x2
The burst of metal fragments hits the hell hound.
The hell hound is heavily wounded.
The now-empty wand crumbles to dust.
The hell hound completely misses you.
You stop training Evocations.
Unknown command.
You closely miss the hell hound.
The hell hound is heavily wounded.
You hit the eye of draining. The hell hound closely misses you.
The hell hound bites you. The eye of draining gazes at you.
Unknown command.
You hit the eye of draining but do no damage.
The eye of draining is severely wounded.
You hit the hell hound but do no damage.
The hell hound bites you.
* * * LOW HITPOINT WARNING * * *
The hell hound bites you!
Ouch! That really hurt!
You die...

. ..#.# ≈≈≈≈#.#≈≈# ...
..... ≈..≈≈≈≈#...##
...§.#..#....≈≈..≈..≈≈≈
.. #....#.###.#..≈≈♣.≈
...............#≈#.#≈
......#..#.#..(..#..≈≈≈
. ..#. ...#...#...#≈≈≈.
... #. # #...h....≈≈.#
......#.#.#..#.@# #.
.#....#. .###G.# ..#
.....# .## .#.###. .. #
. . ... ## # ##.. #.#
..


You could see an eye of draining and a hell hound.

Vanquished Creatures
  An ufetubus (Abyss:2)
1 creature vanquished.

Notes
Turn   | Place    | Note
-------+----------+-------------------------------------------
     0 | Abyss:1  | Gargoyl the Centaur Abyssal Knight began the quest for the
                  | Orb.
     0 | Abyss:1  | Reached XP level 1. HP: 19/19 MP: 2/2
    97 | Abyss:1  | Noticed a large abomination
   143 | Abyss:1  | Noticed a rakshasa
   144 | Abyss:1  | Noticed a neqoxec
   159 | Abyss:1  | Gained mutation: You are frail. (-10% HP) [a neqoxec]
   170 | Abyss:1  | Noticed a polar bear
   170 | Abyss:1  | a shapeshifter changed into a polar bear
   171 | Abyss:1  | Noticed a soldier ant
   171 | Abyss:1  | a polar bear changed into a soldier ant
   240 | Abyss:2  | Noticed an eye of draining
   245 | Abyss:2  | Noticed a hell hound
   253 | Abyss:2  | Mangled by a hell hound

Levels and vault maps discovered:
Abyss:2

Action                   || total
-------------------------++-------
Melee: Hand axe          ||     6
       Kick              ||     2
Evoke: Wand              ||     6
  Use: Scroll            ||     3
Armor: Leather armour    ||     1
Dodge: Dodged            ||     4

Table legend:
 A = Non-vault XP
 B = Vault XP
 C = Vault XP percentage of total XP
 D = Non-vault monster count
 E = Vault monster count
 F = Vault count percentage of total count
                 A         B        C        D         E       F
            +---------+---------+-------+---------+---------+-------
      Total |       8 |       0 |   0.0 |       1 |       0 |   0.0
            +---------+---------+-------+---------+---------+-------
    Abyss:2 |       8 |       0 |   0.0 |       1 |       0 |   0.0
            +---------+---------+-------+---------+---------+-------
